 Dungeon Crawl Stone Soup version 0.30.0 (webtiles) character file.

Game seed: 16799334446989003967

10 PurpleRed the Conjurer (level 2, -2/14 (17) HPs)
             Began as a Deep Elf Reaver on Aug 13, 2023.
             Frozen to death by an endoplasm (4 damage)
             ... on level 1 of the Dungeon.
             The game lasted 00:02:34 (339 turns).

PurpleRed the Conjurer (Deep Elf Reaver)             Turns: 339, Time: 00:02:35

HP:   -2/14 (17)    AC:  3    Str:  9    XL:     2   Next: 10%
MP:   6/8           EV: 12    Int: 17    God:
Gold: 33            SH:  0    Dex: 13    Spells: 4/7 levels left

rFire   . . .        a - +0 short sword
rCold   . . .        (no shield)
rNeg    . . .        b - +0 leather armour
rPois   .            (no helmet)
rElec   .            (no cloak)
rCorr   .            (no gloves)
SInv    .            (no boots)
Will    .....        (no amulet)
Stlth   +            (no ring)
HPRegen 0.22/turn    (no ring)
MPRegen 0.11/turn

%: no passive effects
@: heavily drained
A: no striking features
a: no special abilities


You were on level 1 of the Dungeon.
You visited 1 branch of the dungeon, and saw 2 of its levels.

You collected 33 gold pieces.

Inventory:

Hand Weapons
 a - a +0 short sword (weapon)
Missiles
 d - 5 poisoned darts
Armour
 b - a +0 leather armour (worn)
Scrolls
 c - a scroll of blinking {unknown}


   Skills:
 + Level 1.8 Fighting
 - Level 3.0 Short Blades
 - Level 2.4 Dodging
 + Level 3.2 Spellcasting
 + Level 3.5 Conjurations
 + Level 0.7 Translocations


You had 4 spell levels left.
You knew the following spells:

 Your Spells              Type           Power      Damage    Failure   Level
a - Kiss of Death         Conj/Necr      32%        2d7       12%         1
b - Momentum Strike       Conj/Tloc      20%        3d8       16%         2

Your spell library contained the following spells:

 Spells                   Type           Power      Damage    Failure   Level
 Hailstorm                Conj/Ice       8%         3d4       34%         3


Dungeon Overview and Level Annotations

Branches:
Dungeon (2/15)

Altars:


Message History

The frilled lizard moves out of view.
The kobold attacks as you move away! The kobold hits you with a +0 dagger.
The rat misses you. The kobold attacks as you move away!
The kobold barely misses you. The kobold attacks as you move away!
The kobold closely misses you. The rat attacks as you move away!
The rat bites you but does no damage. The rat attacks as you move away!
The rat bites you. The kobold attacks as you move away!
The kobold barely misses you. The kobold attacks as you move away!
The kobold hits you with a +0 dagger.
You barely miss the kobold. The kobold hits you with a +0 dagger.
You closely miss the kobold. The kobold barely misses you.
Casting: Kiss of Death (safe; 12% risk of failure)
Confirm with . or Enter, or press ? or * to list all spells.
Aiming: Momentum Strike (safe; 16% risk of failure)
Press: ? - help, Dir - move target, f - kobold
Aim: a kobold, wielding a +0 dagger (60% to hit)
The concentrated momentum hits the kobold!
You kill the kobold!
You are unable to move.
You completely miss the rat. The rat bites you.
* * * LOW HITPOINT WARNING * * *
You hit the rat.
The rat is heavily wounded.
You hit the rat.
You kill the rat!
You hit the endoplasm but do no damage. You punch the endoplasm.
The endoplasm is moderately wounded.
The endoplasm freezes you.
You are frozen.
* * * LOW HITPOINT WARNING * * *
You hit the endoplasm.
The endoplasm is severely wounded.
You are no longer robbed of momentum.
The endoplasm jiggles.
The endoplasm barely misses you.
You hit the endoplasm but do no damage.
The endoplasm is severely wounded.
The endoplasm freezes you.
You are frozen.
You die...

.......#.###.#
#...
...###.#.....#
.......## .
#.#..##.##
.###### #
#(#..#.... #
..#..#.#.... #
###.Kl.#.....# #
##K######..# #
#J# ..# ## ##@##
.# ......
##...#####$
######
##.......... #
#####.......###.
######
#...............
#.....
...###.......####
#'###.
..........>## #.#
#. #######....#
#######'####
####.#
#...........


You could see an endoplasm, 2 kobolds and a frilled lizard.

Vanquished Creatures
  A bat (D:1)
  2 ball pythons (D:1)
  3 frilled lizards (D:1)
  3 kobolds (D:1)
  4 rats
13 creatures vanquished.

Notes
Turn   | Place    | Note
-------+----------+-------------------------------------------
     0 | D:1      | PurpleRed the Deep Elf Reaver began the quest for the Orb.
     0 | D:1      | Reached XP level 1. HP: 12/12 MP: 6/6
   246 | D:1      | Reached XP level 2. HP: 11/13 MP: 6/8
   250 | D:1      | Learned a level 2 spell: Momentum Strike
   339 | D:1      | Frozen to death by an endoplasm

Illustrated notes

Levels and vault maps discovered:
D:1:      matt_arrival_los_fun, layout_loops_ring, basic_ecumenical_altar,
          feat_on_display
D:2:      layout_loops_ring

Action                     || total
---------------------------++-------
  Melee: Short sword       ||    35
         Punch             ||     1
  Throw: Dart              ||     2
   Cast: Kiss of Death     ||     2
         Momentum Strike   ||     1
 Armour: Leather armour    ||    10
  Dodge: Dodged            ||    27
